 Dungeon Crawl Stone Soup version 0.30.0-16-gbe6223bb7e (webtiles) character file.

Game seed: 14762917016465798753

2013 Demosthentine the Trooper (level 9, -9/103 HPs)
             Began as a Demonspawn Gladiator on May 21, 2023.
             Mangled by an orc warrior
             ... wielding a +0 war axe
              (11 damage)
             ... in a bailey.
             The game lasted 00:06:26 (5575 turns).

Demosthentine the Trooper (Demonspawn Gladiator)    Turns: 5575, Time: 00:06:26

Health: -9/103     AC: 24    Str: 22      XL:     9   Next: 2%
Magic:  9/9        EV:  2    Int:  9 (11) God:
Gold:   287        SH:  0    Dex: 16      Spells: 8/8 levels left

rFire   . . .        a - +1 trident
rCold   . . .        (no shield)
rNeg    . . .        b - melded +0 leather armour
rPois   +            c - melded +0 helmet
rElec   .            (cloak currently unavailable)
rCorr   .            h - melded +0 pair of gloves
SInv    .            n - melded +2 pair of boots
Will    +....        (no amulet)
Stlth   +            m - ring of willpower
HPRegen 0.37/turn    y - +6 ring of strength
MPRegen 0.11/turn

%: no passive effects
@: tree-form
A: stationary, stasis, torment immunity, boosted hp, (molten scales 3), (spiny
1), demonic magic 1
a: no special abilities


You were in a bailey.
You were a tree.
You visited 1 branch of the dungeon, and saw 7 of its levels.
You also visited: Bailey.

You collected 326 gold pieces.
You spent 39 gold pieces at shops.

Inventory:

Hand Weapons
 a - a +1 trident (weapon)
 B - a +0 demon whip
Missiles
 d - a throwing net (quivered)
 e - a javelin
 i - 28 boomerangs
 v - 14 poisoned darts
 z - 5 silver javelins
Armour
 b - a +0 leather armour (melded)
 c - a +0 helmet (melded)
 h - a +0 pair of gloves (melded)
 n - a +2 pair of boots (melded)
 r - a +0 buckler
Jewellery
 m - a ring of willpower (left branch)
 w - a ring of resist corrosion
 y - a +6 ring of strength (right branch)
Wands
 p - a wand of mindburst (5)
 s - a wand of flame (9)
 x - a wand of charming (7)
Scrolls
 q - 3 scrolls of teleportation
 t - a scroll of noise
 C - a scroll of amnesia {unknown}
 E - a scroll of brand weapon {unknown}
Potions
 f - 2 potions of haste
 j - a potion of resistance
 k - a potion of curing
 l - 3 potions of degeneration
 o - 2 potions of brilliance


   Skills:
 + Level 5.7 Fighting
 + Level 5.6 Polearms
 - Level 1.7 Throwing
 + Level 4.7 Armour
 + Level 5.6 Dodging
 + Level 4.0 Shields


You had 8 spell levels left.
You didn't know any spells.
Your spell library contained the following spells:

 Spells                   Type           Power      Damage    Failure   Level
 Ensorcelled Hibernation  Hex/Ice        0%         N/A       52%         2
 Passwall                 Tmut/Erth      0%         N/A       52%         2
 Static Discharge         Conj/Air       0%         2-2/arc   52%         2
 Swiftness                Air            0%         N/A       77%         3
 Airstrike                Air            0%         2d(0-16)  99%         4
 Animate Dead             Necr           0%         N/A       99%         4
 Summon Lightning Spire   Summ/Air       0%         N/A       99%         4
 Borgnjor's Vile Clutch   Necr/Erth      0%         N/A       100%        5
 Death Channel            Necr           0%         N/A       100%        6


Dungeon Overview and Level Annotations

Branches:
Dungeon (7/15)             Bailey (1/1)
 Temple: D:4-7

Altars:
Makhleb
Qazlal
Ru
Wu Jian

Shops:
D:1 (   D:3 ?   D:4 :

Annotations:
D:5 3 runed translucent doors, themargong's ghost, novice BaEE


Innate Abilities, Weirdness & Mutations

You are a tree.
Your roots penetrate the ground, keeping you stationary.
You cannot be teleported.
You are immune to unholy pain and torment.
Your maximum health is greatly increased.
Your equipment is partially melded.
((You are completely covered in molten scales. (AC +4, rF+)))
((You are partially covered in sharp spines.))
Spells you cast may paralyse adjacent enemies.


Message History

Unknown command.
You feel much better.
The orc warrior hits you but does no damage.
The orc warrior hits you with a +0 war axe.
* * * LOW HITPOINT WARNING * * *
Unknown command.
You hit the orc warrior.
The orc warrior is moderately wounded.
The orc warrior hits you but does no damage.
The orc warrior hits you with a +0 war axe.
* * * LOW HITPOINT WARNING * * *
Unknown command.
You miss the orc warrior.
The orc warrior is moderately wounded.
The orc warrior hits you but does no damage.
The orc warrior hits you with a +0 war axe.
* * * LOW HITPOINT WARNING * * *
Unknown command.
You barely miss the orc warrior.
The orc warrior is moderately wounded.
The orc warrior hits you with a +0 war axe.
* * * LOW HITPOINT WARNING * * *
The orc warrior hits you but does no damage.
Unknown command.
You hit the orc warrior.
The orc warrior is heavily wounded.
The orc warrior hits you with a +0 war axe.
* * * LOW HITPOINT WARNING * * *
The orc warrior hits you with a +0 war axe.
* * * LOW HITPOINT WARNING * * *
The orc warrior hits you but does no damage. x2
Unknown command.
You puncture the orc warrior!
The orc warrior is severely wounded.
The orc warrior hits you but does no damage. x2
You hit the orc warrior but do no damage.
The orc warrior is severely wounded.
The orc warrior hits you but does no damage.
The orc warrior hits you with a +0 war axe!
You die...

###o### ##..o..##
#...8...#
#∩[.K.(∩#
##.....##
####'''####
##~.......~##
#~~.......~~#####
..~~.......~)o♣o.#
##~~.......~~###.#
..~~.......~~....#
##~~.......~~###.#
.~~.......~~....#
##~~.......~~###.#
..~~.......~~....#
##~~.......~~###.#
..~~....†..~~....


You could see 2 orc warriors.

Vanquished Creatures
  Sigmund (D:2)
  A water moccasin (D:5)
  A black bear (D:4)
  3 ice beasts
  2 orc warriors (Bailey)
  An ogre (D:5)
  A phantom (D:4)
  6 kobold brigands
  A scorpion (D:5)
  2 hounds
  2 orc priests (D:5)
  Jessica (D:2)
  Natasha (D:3)
  An iguana (D:5)
  Ijyb (D:3)
  3 orc wizards
  Robin (D:2)
  4 gnolls (D:5)
  6 adders
  A shadow imp (D:6)
  A white imp (D:5)
  An ufetubus (D:5)
  4 worms
  5 dart slugs
  13 orcs
  4 bats
  11 endoplasms
  5 giant cockroaches
  20 goblins
  13 hobgoblins
  8 jackals
  3 quokkas
  4 ball pythons
  2 frilled lizards (D:3)
  19 kobolds
153 creatures vanquished.

Notes
Turn   | Place    | Note
-------+----------+-------------------------------------------
     0 | D:1      | Demosthentine the Demonspawn Gladiator began the quest for
                  | the Orb.
     0 | D:1      | Reached XP level 1. HP: 16/16 MP: 1/1
   368 | D:1      | Gained mutation: Spells you cast may paralyse adjacent
                  | enemies. [demonic ancestry]
   368 | D:1      | Reached XP level 2. HP: 19/22 MP: 2/2
   594 | D:1      | Found Puitaori's Antique Weapon Shop.
   860 | D:1      | Reached skill level 1 in Armour
  1073 | D:2      | Noticed Robin
  1086 | D:1      | Gained mutation: You are partially covered in molten
                  | scales. (AC +2) [demonic ancestry]
  1086 | D:1      | Reached XP level 3. HP: 13/28 MP: 3/3
  1283 | D:2      | Killed Robin
  1320 | D:2      | Noticed Sigmund
  1336 | D:2      | Killed Sigmund
  1337 | D:2      | Reached XP level 4. HP: 34/35 MP: 4/4
  1337 | D:2      | Gained mutation: You are mostly covered in molten scales.
                  | (AC +3) [demonic ancestry]
  1337 | D:2      | Reached XP level 5. HP: 39/41 MP: 5/5
  1395 | D:2      | Found a burning altar of Makhleb.
  1515 | D:2      | Noticed Jessica
  1523 | D:2      | Killed Jessica
  1987 | D:3      | Noticed Ijyb
  2304 | D:3      | Killed Ijyb
  2305 | D:3      | Gained mutation: You are partially covered in sharp spines.
                  | [demonic ancestry]
  2305 | D:3      | Reached XP level 6. HP: 23/47 MP: 6/6
  2476 | D:3      | Found Sienlezur's Magic Scroll Emporium.
  2485 | D:3      | Bought a scroll of teleportation for 39 gold pieces
  2923 | D:3      | Noticed Natasha
  2924 | D:3      | Found a faded altar of an unknown god.
  2932 | D:3      | Reached skill level 1 in Shields
  2933 | D:3      | Killed Natasha
  3053 | D:4      | Found an ornate altar of the Wu Jian Council.
  3118 | D:4      | Found Hirouczuj's Book Shoppe.
  3398 | D:4      | Reached XP level 7. HP: 40/54 MP: 7/7
  3949 | D:5      | Entered Level 5 of the Dungeon
  3979 | D:5      | Found a runed translucent gate.
  3979 | D:5      | Found a runed translucent gate.
  4004 | D:5      | Found a sacrificial altar of Ru.
  4011 | D:5      | Found a runed translucent gate.
  4012 | D:5      | Noticed themargong's ghost (novice BaEE)
  4366 | D:5      | Gained mutation: You are completely covered in molten
                  | scales. (AC +4, rF+) [demonic ancestry]
  4366 | D:5      | Reached XP level 8. HP: 20/61 MP: 8/8
  4925 | D:6      | Found a stormy altar of Qazlal.
  4938 | D:6      | Reached skill level 5 in Polearms
  4938 | D:6      | Reached skill level 5 in Dodging
  5007 | D:6      | Reached skill level 5 in Fighting
  5127 | D:6      | You fall into a shaft and drop 1 floor!
  5188 | D:7      | Found a flagged portal.
  5201 | Bailey   | Entered a bailey
  5567 | Bailey   | Reached XP level 9. HP: 21/69 MP: 9/9
  5568 | Bailey   | HP: 1/103 [orc warrior/+0 war axe (9)]
  5573 | Bailey   | HP: 3/103 [orc warrior/+0 war axe (1)]
  5573 | Bailey   | HP: 1/103 [orc warrior/+0 war axe (2)]
  5575 | Bailey   | Mangled by an orc warrior

Illustrated notes

Levels and vault maps discovered:
D:1:      giann_horns, layout_loops_corners, serial_shops, shop
D:2:      layout_loops_ring, basic_altar, uniq_jessica, uniq_robin, uniq_sigmund
D:3:      layout_loops_cross, hellmonk_ecumenical_altar_heavens_door,
          serial_shops, shop_statue, uniq_ijyb, uniq_natasha
D:4:      layout_loops_cross, lemuel_crystal_altar, serial_shops, shop
D:5:      layout_basic, nicolae_ru_path_of_blood, ebering_ghost_rock_garden,
          mrwooster_statue_mirror
D:6:      layout_gridville, mainiacjoe_overflow_concentric_impassable,
          minmay_temple_entry_large_hall, uniq_grinder
D:7:      layout_cave_pools, nicolae_yredelemnul_ghost_church, enter_bailey_3,
          nicolae_figureground_sparkle, uniq_crazy_yiuf_cottage
Bailey:   bailey_axe_3, bailey

Skill      XL: |  1  2  3  4  5  6  7  8 |
---------------+-------------------------+-----
Dodging        | 3 4 5 |  5.6
Polearms       | 3 4 5 |  5.6
Armour         | 1 2 3 4 |  4.7
Fighting       | 3 4 5 |  5.7
Shields        | 1 2 4 |  4.0
Throwing       | |  1.7

Action                     |  1- 3 |  4- 6 |  7- 9 || total
---------------------------+-------+-------+-------++-------
  Melee: Trident           |   135 |   147 |   226 ||   508
         Punch             |       |     2 |     2 ||     4
  Throw: Throwing net      |     3 |       |     1 ||     4
    Use: Scroll            |       |     6 |     6 ||    12
         Potion            |       |       |     9 ||     9
   Stab: Sleeping          |     2 |     4 |     1 ||     7
         Held in net/web   |     2 |       |       ||     2
 Armour: Leather armour    |    40 |    45 |    68 ||   153
         Skin              |       |       |     9 ||     9
  Dodge: Dodged            |    81 |    70 |   131 ||   282
